AoeStats
← 93老玩家回归

Nomad

510055992Analyzed
4v4 RM · 3d ago on Sep 29, 2026· 44m 57s· 8 players
Game mode
Random Map
Map size
231×231
Population
200
Speed
Normal
Resources
Standard
Victory
Conquest
Starting age
Dark Age
Ending age
Imperial Age
RankedLock teamsTeams togetherTeam positionsShared explorationLock speedFull tech treeHidden civsTurbo modeCheats
Victory
Defeat
🇨🇳 Persians · China
1522
+8
🇧🇪 Mongols · Belgium
1497
+8
🇪🇸 Sicilians · Spain
1405
+12
🇹🇼 Saxons · Taiwan
1393
+12
🇨🇳 Italians · China
1431
-14
🇨🇳 Spanish · China
1309
-10
🇨🇳 Byzantines · China
1273
-8
🇨🇳 Malay · China
1248
-8
Aspirante
11:36 Loom
13:45 Feudal Age
18:09 Castle Age
17:05 Forging
29:40 Bloodlines
31:00 Husbandry
34:39 Scale Barding Armor
35:20 Gold Mining
38:54 Wheelbarrow
39:24 Iron Casting
39:12 Chain Barding Armor
39:37 Horse Collar
43:36 Iron Casting
45:45 Imperial Age
牛拉松
4:38 Loom
12:35 Feudal Age
13:29 Double-Bit Axe
15:50 Fishing Lines
19:48 Castle Age
17:55 Stone Mining
20:56 Medium Warships
20:38 Gillnets
21:14 Gold Mining
21:46 Bow Saw
23:22 Gold Shaft Mining
23:34 Wheelbarrow
26:08 Hand Cart
29:40 Ballistics
29:01 Treadmill Crane
32:21 Imperial Age
29:59 Horse Collar
30:36 Scale Mail Armor
30:47 Forging
30:28 Fletching
31:06 Masonry
31:01 Town Watch
31:52 Chain Mail Armor
31:54 Guard Tower
32:00 Murder Holes
31:31 Pikeman
32:12 Squires
32:36 Heavy Plow
33:13 Bodkin Arrow
34:21 Chemistry
33:06 Arrowslits
34:33 Plate Mail Armor
34:39 Iron Casting
33:52 Arson
33:27 Halberdier
34:31 Siege Engineers
35:07 Conscription
34:38 Gambesons
35:09 Bracer
36:07 Crop Rotation
36:20 Keep
36:16 Architecture
36:34 Padded Archer Armor
37:36 Two-Man Saw
38:04 Hoardings
38:16 Leather Archer Armor
38:07 Scale Barding Armor
37:26 Elite Varangian Guard
39:28 Ring Archer Armor
38:22 Shield Wall
41:26 Chain Barding Armor
JanVerplanken
4:36 Loom
13:02 Feudal Age
13:36 Feudal Age
18:10 Castle Age
16:21 Stone Mining
16:19 Double-Bit Axe
17:43 Fletching
19:43 Bow Saw
19:59 Bodkin Arrow
24:05 Ballistics
25:45 Padded Archer Armor
26:26 Horse Collar
28:09 Husbandry
30:20 Leather Archer Armor
32:32 Wheelbarrow
35:59 Imperial Age
33:47 Gold Mining
35:49 Hand Cart
36:13 Bloodlines
39:12 Chemistry
39:21 Gold Shaft Mining
40:20 Heavy Plow
40:49 Thumb Ring
41:59 Conscription
41:41 Bracer
43:08 Elite Mangudai
超级硬邦邦
5:28 Loom
16:05 Feudal Age
16:51 Double-Bit Axe
21:20 Castle Age
21:59 Medium Warships
22:43 Scale Barding Armor
22:49 Forging
23:22 Wheelbarrow
22:33 Town Watch
24:09 Chain Barding Armor
27:02 Husbandry
28:20 Bloodlines
31:15 Gold Mining
31:15 Stone Mining
32:34 Horse Collar
34:40 Bow Saw
35:45 Iron Casting
40:30 Imperial Age
38:18 Hand Cart
38:53 Gold Shaft Mining
38:54 Stone Shaft Mining
39:53 Stone Shaft Mining
40:19 Cavalier
41:43 Plate Barding Armor
42:26 Two-Man Saw
42:50 Blast Furnace
42:28 Heavy Camel Rider
小花花
10:23 Loom
18:38 Feudal Age
23:35 Castle Age
21:51 Gold Mining
22:03 Double-Bit Axe
23:30 Medium Warships
26:12 Gold Shaft Mining
29:20 Fishing Lines
30:26 Thalassocracy
33:44 Husbandry
37:24 Scale Barding Armor
37:31 Forging
39:07 Gillnets
860
4:53 Loom
13:28 Feudal Age
17:14 Castle Age
17:38 Double-Bit Axe
17:36 Horse Collar
18:47 Bow Saw
19:13 Heavy Plow
25:37 Wheelbarrow
28:15 Husbandry
29:37 Padded Archer Armor
30:48 Leather Archer Armor
34:48 Imperial Age
32:50 Gold Mining
32:51 Stone Mining
34:51 Bloodlines
34:49 Scale Barding Armor
34:55 Forging
34:58 Cavalier
37:23 Chain Barding Armor
38:24 Iron Casting
40:20 Plate Barding Armor
40:22 Paladin
43:08 Blast Furnace
93老玩家回归
4:52 Loom
15:28 Feudal Age
15:34 Man-at-Arms
16:26 Arson
16:46 Fletching
25:48 Castle Age
24:02 Double-Bit Axe
25:52 Pikeman
送你一个极瘪
2:51 Loom
18:35 Feudal Age
22:59 Castle Age
20:56 Double-Bit Axe
22:34 Fishing Lines
23:59 Bow Saw
25:23 Fletching
28:29 Wheelbarrow
29:02 Bodkin Arrow
33:40 Husbandry
34:33 Scale Barding Armor
40:59 Imperial Age
38:59 Chain Barding Armor
38:39 Horse Collar
39:32 Forging
42:15 Plate Barding Armor
41:02 Heavy Camel Rider
42:13 Conscription
44:54 Hand Cart
Connection lost

Rejoining the realm…

Still unreachable

The connection could not be restored.

Session expired

The server has moved on; the page needs a fresh start.